| TOP OF THE 1ST |
|
St. Louis (CL) Cardinals batting - Pitching for New York (CL) Giants : RHP Ron Reed
|
|
Pitching: RHP Ron Reed
|
|
|
Batting: LHB Wally Judnich
|
0-0: Called Strike 0-1: Ball 1-1: Ball 2-1: Foul Ball, location: 2F 2-2: Strikes out swinging
|
|
Batting: LHB Hank Thompson
|
0-0: Called Strike 0-1: Foul Ball, location: 2F 0-2: Ball 1-2: Ball 2-2: Ground out 4-3 (Groundball, 4, EV 106.9 MPH)
|
|
Batting: RHB Moises Alou
|
0-0: Called Strike 0-1: Foul Ball, location: 2F 0-2: Ball 1-2: Fly out, F7 (Flyball, 7, EV 88.8 MPH)
|
| Top of the 1st over - 0 runs, 0 hits, 0 errors, 0 left on base; St. Louis (CL) 0 - New York (CL) 0 |
| BOTTOM OF THE 1ST |
|
New York (CL) Giants batting - Pitching for St. Louis (CL) Cardinals : LHP Vito Tamulis
|
|
Pitching: LHP Vito Tamulis
|
|
|
Batting: RHB Bob Watson
|
0-0: SINGLE (Line Drive, 8RS, EV 86.9 MPH)
|
|
Batting: RHB Mike A Anderson
|
0-0: Ball 1-0: Foul Ball, location: 2F 1-1: Called Strike 1-2: Ball 2-2: DOUBLE (Flyball, 8RXD, EV 113.1 MPH) Bob Watson to third Runner from 3rd tries for Home, SAFE, throw by CF to trailing runner, SAFE at third!
|
|
Batting: LHB Billy Southworth
|
0-0: Fly out, F7 (Flyball, 7D, EV 96.9 MPH) Runner from 3rd tags up, SCORES, no throw by LF
|
|
Batting: LHB Charlie Gehringer
|
0-0: Called Strike 0-1: Swinging Strike 0-2: Foul Ball, location: 2F 0-2: Ball 1-2: Ball 2-2: Fly out, F7 (Flyball, 7LM, EV 88.8 MPH)
|
|
Batting: LHB Dave Nilsson
|
0-0: Ball 1-0: Swinging Strike 1-1: SINGLE (Groundball, 34D, EV 103.8 MPH)
|
|
Batting: RHB Tom Brookens
|
0-0: Called Strike 0-1: Foul Ball, location: 2F 0-2: Ground out 1-3 (Groundball, P, EV 71.3 MPH)
|
| Bottom of the 1st over - 2 runs, 3 hits, 0 errors, 1 left on base; St. Louis (CL) 0 - New York (CL) 2 |
| TOP OF THE 2ND |
|
St. Louis (CL) Cardinals batting - Pitching for New York (CL) Giants : RHP Ron Reed
|
|
Pitching: LHP Tom Underwood
|
|
|
Batting: LHB Jim Northrup
|
0-0: Ball 1-0: Ball 2-0: Fly out, F6 (Flyball, 56D, EV 85.0 MPH)
|
|
Batting: RHB Ernie Lombardi
|
0-0: Ball 1-0: Called Strike 1-1: Ball 2-1: Foul Ball, location: 2F 2-2: Ball 3-2: Fly out, F9 (Flyball, 9, EV 90.0 MPH)
|
|
Batting: RHB Orlando Arcia
|
0-0: Ball 1-0: Swinging Strike 1-1: Swinging Strike 1-2: Strikes out swinging
|
| Top of the 2nd over - 0 runs, 0 hits, 0 errors, 0 left on base; St. Louis (CL) 0 - New York (CL) 2 |
| BOTTOM OF THE 2ND |
|
New York (CL) Giants batting - Pitching for St. Louis (CL) Cardinals : LHP Vito Tamulis
|
|
Batting: RHB Jim Fregosi
|
0-0: Called Strike 0-1: Fly out, F8 (Flyball, 8RS, EV 96.3 MPH)
|
|
Batting: LHB Johnny Frederick
|
0-0: Ball 1-0: Foul Ball, location: 2F 1-1: Swinging Strike 1-2: Foul Ball, location: 2F 1-2: Ground out 4-3 (Groundball, 34D, EV 109.4 MPH)
|
|
Batting: RHB Tom Underwood
|
0-0: Foul Ball, location: 2F 0-1: Ball 1-1: Ball 2-1: Ground out 6-3 (Groundball, 6, EV 81.9 MPH)
|
| Bottom of the 2nd over - 0 runs, 0 hits, 0 errors, 0 left on base; St. Louis (CL) 0 - New York (CL) 2 |
| TOP OF THE 3RD |
|
St. Louis (CL) Cardinals batting - Pitching for New York (CL) Giants : LHP Tom Underwood
|
|
Batting: RHB Milt Bolling
|
0-0: SINGLE (Line Drive, 9LS, EV 103.1 MPH)
|
|
Batting: RHB DJ LeMahieu
|
0-0: TRIPLE (Line Drive, 78XD, EV 103.1 MPH) Milt Bolling scores
|
|
Batting: LHB Vito Tamulis
|
0-0: Ball 1-0: Ball 2-0: Ground out 4-3 (Groundball, 4, EV 90.0 MPH)
|
|
Batting: LHB Wally Judnich
|
0-0: Ball 1-0: Called Strike 1-1: Ball 2-1: Foul Ball, location: 2F 2-2: 2-RUN HOME RUN (Flyball, 7D, EV 102.5 MPH) (Inside the Park)
|
|
Batting: LHB Hank Thompson
|
0-0: Ball 1-0: Called Strike 1-1: Foul Ball, location: 2F 1-2: Ground out 6-3 (Groundball, 6M, EV 108.1 MPH)
|
|
Batting: RHB Moises Alou
|
0-0: Ball 1-0: Ball 2-0: Swinging Strike 2-1: Foul Ball, location: 2F 2-2: Ball 3-2: Fly out, F8 (Flyball, 8RXD, EV 83.1 MPH)
|
| Top of the 3rd over - 3 runs, 3 hits, 0 errors, 0 left on base; St. Louis (CL) 3 - New York (CL) 2 |
| BOTTOM OF THE 3RD |
|
New York (CL) Giants batting - Pitching for St. Louis (CL) Cardinals : LHP Vito Tamulis
|
|
|